TOP OF THE 1ST |
Philadelphia Phillies batting - Pitching for San Francisco Giants : RHP Logan Webb
|
Pitching: RHP Logan Webb
|
|
Batting: RHB Oscar Gonzalez
|
0-0: Ball 1-0: Swinging Strike 1-1: Ball 2-1: SINGLE (Groundball, 4MD, EV 95.0 MPH)
|
Batting: RHB George Springer
|
0-0: Called Strike 0-1: Called Strike 0-2: Strikes out swinging
|
Batting: RHB Austin Riley
|
0-0: Ball 1-0: Foul Ball, location: 9LDF 1-1: Foul Ball, location: 2LF 1-2: Foul Ball, location: 5F 1-2: SINGLE (Groundball, 13, EV 86.3 MPH) (infield hit) Oscar Gonzalez to second
|
Batting: RHB William Contreras
|
0-0: Ball 1-0: Ball 2-0: Ball 3-0: Called Strike 3-1: Called Strike 3-2: Grounds into double play, 6-4-3 (Groundball, 6, EV 87.5 MPH)
|
Top of the 1st over - 0 runs, 2 hits, 0 errors, 1 left on base; Philadelphia 0 - San Francisco 0 |
BOTTOM OF THE 1ST |
San Francisco Giants batting - Pitching for Philadelphia Phillies : LHP Cole Irvin
|
Pitching: LHP Cole Irvin
|
|
Batting: RHB Austin Slater
|
0-0: Ball 1-0: Swinging Strike 1-1: Called Strike 1-2: Fly out, F8 (Line Drive, 8LM, EV 100.0 MPH)
|
Batting: RHB Jose Altuve
|
0-0: Ground out 6-3 (Groundball, 6, EV 81.3 MPH)
|
Batting: LHB Eric Hosmer
|
0-0: Foul Ball, location: 5DF 0-1: Ball 1-1: Ball 2-1: Foul Ball, location: 5F 2-2: DOUBLE (Line Drive, 7LM, EV 96.3 MPH)
|
Batting: RHB Manny Machado
|
0-0: Foul Ball, location: 23F 0-1: Ball 1-1: Foul Ball, location: 23F 1-2: Strikes out swinging
|
Bottom of the 1st over - 0 runs, 1 hit, 0 errors, 1 left on base; Philadelphia 0 - San Francisco 0 |
TOP OF THE 2ND |
Philadelphia Phillies batting - Pitching for San Francisco Giants : RHP Logan Webb
|
Batting: SHB Carlos Santana
|
0-0: Ball 1-0: Ball 2-0: Called Strike 2-1: Foul Ball, location: 2F 2-2: Ball 3-2: Ground out 6-3 (Groundball, 4, EV 101.9 MPH)
|
Batting: RHB Andrew McCutchen
|
0-0: Bunt missed! 0-1: Foul Ball, location: 5F 0-2: Ball 1-2: Ball 2-2: Strikes out looking
|
Batting: RHB Avisail Garcia
|
0-0: Hit by Pitch
|
Batting: RHB Jonathan Schoop
|
0-0: Called Strike 0-1: Foul Ball, location: 9LMF 0-2: Foul Ball, location: 5F 0-2: Ball 1-2: Ball 2-2: Ball 3-2: Strikes out swinging
|
Top of the 2nd over - 0 runs, 0 hits, 0 errors, 1 left on base; Philadelphia 0 - San Francisco 0 |
BOTTOM OF THE 2ND |
San Francisco Giants batting - Pitching for Philadelphia Phillies : LHP Cole Irvin
|
Batting: LHB Brandon Crawford
|
0-0: Ball 1-0: Ball 2-0: Called Strike 2-1: Foul Ball, location: 5DF 2-2: DOUBLE (Line Drive, 7LD, EV 110.6 MPH)
|
Batting: RHB Nick Ahmed
|
0-0: Ball 1-0: Fly out, F9 (Line Drive, 9, EV 97.5 MPH) Runner from 2nd tags up, SAFE at 3rd with throw by RF
|
Batting: LHB Cedric Mullins
|
0-0: Ball 1-0: Ball 2-0: Called Strike 2-1: Fly out, F8 (Flyball, 8LXD, EV 98.1 MPH) Runner from 3rd tags up, SCORES, no throw by CF
|
Batting: RHB Tomás Nido
|
0-0: SINGLE (Line Drive, 6MD, EV 98.1 MPH)
|
Batting: RHB Myles Straw
|
0-0: Ball 1-0: Called Strike 1-1: Fielders Choice at 2nd, U6 (Groundball, 6M, EV 93.1 MPH)
|
Bottom of the 2nd over - 1 run, 2 hits, 0 errors, 1 left on base; Philadelphia 0 - San Francisco 1 |
TOP OF THE 3RD |
Philadelphia Phillies batting - Pitching for San Francisco Giants : RHP Logan Webb
|
Batting: LHB Nick Maton
|
0-0: Ball 1-0: Called Strike 1-1: Ball 2-1: Ball 3-1: Called Strike 3-2: Strikes out looking
|
Batting: RHB Oscar Gonzalez
|
0-0: Foul Ball, location: 5F 0-1: Foul Ball, location: 2F 0-2: Strikes out looking
|
Batting: RHB George Springer
|
0-0: Ball 1-0: Called Strike 1-1: SOLO HOME RUN (Flyball, 78XD, EV 99.4 MPH), Distance : 413 ft
|
Batting: RHB Austin Riley
|
0-0: Ball 1-0: Ball 2-0: Called Strike 2-1: Called Strike 2-2: Hit by Pitch
|
Batting: RHB William Contreras
|
0-0: Called Strike 0-1: Swinging Strike 0-2: Strikes out swinging
|
Top of the 3rd over - 1 run, 1 hit, 0 errors, 1 left on base; Philadelphia 1 - San Francisco 1 |
BOTTOM OF THE 3RD |
San Francisco Giants batting - Pitching for Philadelphia Phillies : LHP Cole Irvin
|
Batting: RHB Austin Slater
|
0-0: Ball 1-0: Swinging Strike 1-1: Ground out 4-3 (Groundball, 4, EV 80.0 MPH)
|
Batting: RHB Jose Altuve
|
0-0: Ball 1-0: Ball 2-0: Ball 3-0: Called Strike 3-1: Bunted foul 3-2: SINGLE (Groundball, 4MD, EV 98.8 MPH)
|
Batting: LHB Eric Hosmer
|
0-0: Called Strike 0-1: Ball 1-1: Grounds into double play, 4-6-3 (Groundball, 34, EV 86.3 MPH)
|
Bottom of the 3rd over - 0 runs, 1 hit, 0 errors, 0 left on base; Philadelphia 1 - San Francisco 1 |
TOP OF THE 4TH |
Philadelphia Phillies batting - Pitching for San Francisco Giants : RHP Logan Webb
|
Batting: SHB Carlos Santana
|
0-0: Ball 1-0: Fly out, F4 (Flyball, 34D, EV 89.4 MPH)
|
Batting: RHB Andrew McCutchen
|
0-0: Called Strike 0-1: Swinging Strike 0-2: Ball 1-2: Foul Ball, location: 2F 1-2: Foul Ball, location: 2F 1-2: Ground out 6-3 (Groundball, 56, EV 86.3 MPH)
|
Batting: RHB Avisail Garcia
|
0-0: Ball 1-0: Single, Error in OF, E9, batter to second base (Line Drive, 34D, EV 103.1 MPH)
|
Batting: RHB Jonathan Schoop
|
0-0: Fly out, F7 (Flyball, 78M, EV 90.6 MPH)
|
Top of the 4th over - 0 runs, 1 hit, 1 error, 1 left on base; Philadelphia 1 - San Francisco 1 |
BOTTOM OF THE 4TH |
San Francisco Giants batting - Pitching for Philadelphia Phillies : LHP Cole Irvin
|
Batting: RHB Manny Machado
|
0-0: Ball 1-0: Swinging Strike 1-1: Ball 2-1: Ground out 6-3 (Groundball, 6, EV 80.6 MPH)
|
Batting: LHB Brandon Crawford
|
0-0: Ball 1-0: Foul Ball, location: 9LDF 1-1: Fly out, F7 (Line Drive, 7, EV 83.1 MPH)
|
Batting: RHB Nick Ahmed
|
0-0: Called Strike 0-1: Ball 1-1: Ball 2-1: Called Strike 2-2: Foul Ball, location: 2F 2-2: Foul Ball, location: 3F 2-2: Foul Ball, location: 2F 2-2: Fly out, F8 (Flyball, 89D, EV 96.3 MPH)
|
Bottom of the 4th over - 0 runs, 0 hits, 0 errors, 0 left on base; Philadelphia 1 - San Francisco 1 |
TOP OF THE 5TH |
Philadelphia Phillies batting - Pitching for San Francisco Giants : RHP Logan Webb
|
Batting: LHB Nick Maton
|
0-0: Ball 1-0: Ground out 6-3 (Groundball, 6MD, EV 103.1 MPH)
|
Batting: RHB Oscar Gonzalez
|
0-0: Swinging Strike 0-1: Foul Ball, location: 5F 0-2: Ball 1-2: Fly out, F8 (Flyball, 8LD, EV 110.0 MPH)
|
Batting: RHB George Springer
|
0-0: Ball 1-0: Ball 2-0: Foul Ball, location: 2F 2-1: Swinging Strike 2-2: Strikes out swinging
|
Top of the 5th over - 0 runs, 0 hits, 0 errors, 0 left on base; Philadelphia 1 - San Francisco 1 |
BOTTOM OF THE 5TH |
San Francisco Giants batting - Pitching for Philadelphia Phillies : LHP Cole Irvin
|
Batting: LHB Cedric Mullins
|
0-0: Ball 1-0: Ball 2-0: Called Strike 2-1: Ground out 4-3 (Groundball, 4, EV 81.9 MPH)
|
Batting: RHB Tomás Nido
|
0-0: Called Strike 0-1: Foul Ball, location: 9LMF 0-2: Ball 1-2: Foul Ball, location: 3SF 1-2: DOUBLE (Flyball, 89D, EV 91.9 MPH)
|
Batting: RHB Myles Straw
|
0-0: SINGLE (Line Drive, 34D, EV 102.5 MPH) Tomás Nido to third
|
Batting: RHB Austin Slater
|
0-0: Ball 1-0: Ball 2-0: SINGLE (Line Drive, 8RS, EV 97.5 MPH) Tomás Nido scores Myles Straw to second
|
Batting: RHB Jose Altuve
|
0-0: Ball 1-0: Ball 2-0: Called Strike 2-1: Fly out, F8 (Line Drive, 8LM, EV 85.6 MPH) Runner from 2nd tags up, OUT at 3rd! 8-5
|
Bottom of the 5th over - 1 run, 3 hits, 0 errors, 1 left on base; Philadelphia 1 - San Francisco 2 |
TOP OF THE 6TH |
Philadelphia Phillies batting - Pitching for San Francisco Giants : RHP Logan Webb
|
Batting: RHB Austin Riley
|
0-0: Foul Ball, location: 25F 0-1: Foul Ball, location: 2F 0-2: Foul Ball, location: 5F 0-2: Foul Ball, location: 3DF 0-2: Ball 1-2: Foul Ball, location: 7LMF 1-2: Foul Ball, location: 2RF 1-2: Ball 2-2: Foul Ball, location: 2F 2-2: Foul Ball, location: 2F 2-2: Ball 3-2: Foul Ball, location: 5F 3-2: Fly out, F8 (Line Drive, 78M, EV 88.1 MPH)
|
Pitching: RHP Luis Garcia
|
|
Batting: RHB William Contreras
|
0-0: Swinging Strike 0-1: Ball 1-1: Called Strike 1-2: Foul Ball, location: 2F 1-2: Ball 2-2: Fly out, F9 (Flyball, 89D, EV 107.5 MPH)
|
Batting: SHB Carlos Santana
|
0-0: Called Strike 0-1: Foul Ball, location: 3F 0-2: Ball 1-2: Foul Ball, location: 3F 1-2: Ball 2-2: Strikes out looking
|
Top of the 6th over - 0 runs, 0 hits, 0 errors, 0 left on base; Philadelphia 1 - San Francisco 2 |
BOTTOM OF THE 6TH |
San Francisco Giants batting - Pitching for Philadelphia Phillies : LHP Cole Irvin
|
Batting: LHB Eric Hosmer
|
0-0: Called Strike 0-1: Called Strike 0-2: SINGLE (Groundball, 4, EV 100.0 MPH)
|
Batting: RHB Manny Machado
|
0-0: Ball 1-0: Ball 2-0: Fly out, F9 (Flyball, 89M, EV 93.1 MPH)
|
Batting: LHB Brandon Crawford
|
0-0: Ground out 5-3 (Groundball, 56S, EV 68.8 MPH) Eric Hosmer to second
|
Batting: RHB Nick Ahmed
|
0-0: Called Strike 0-1: Called Strike 0-2: Ball 1-2: Ball 2-2: SINGLE (Line Drive, 8RS, EV 100.6 MPH) Eric Hosmer to third Runner from 3rd tries for Home, throw by CF and OUT! 8-2
|
Bottom of the 6th over - 0 runs, 2 hits, 0 errors, 1 left on base; Philadelphia 1 - San Francisco 2 |
TOP OF THE 7TH |
Philadelphia Phillies batting - Pitching for San Francisco Giants : RHP Luis Garcia
|
Batting: RHB Andrew McCutchen
|
0-0: Ball 1-0: Ground out 6-3 (Groundball, 6, EV 86.9 MPH)
|
Batting: RHB Avisail Garcia
|
0-0: Called Strike 0-1: Ball 1-1: Foul Ball, location: 5F 1-2: Strikes out swinging
|
Batting: RHB Jonathan Schoop
|
0-0: Fly out, F9 (Flyball, 9, EV 95.0 MPH)
|
Top of the 7th over - 0 runs, 0 hits, 0 errors, 0 left on base; Philadelphia 1 - San Francisco 2 |
BOTTOM OF THE 7TH |
San Francisco Giants batting - Pitching for Philadelphia Phillies : LHP Cole Irvin
|
Pitching: RHP Corbin Martin
|
|
Batting: LHB Cedric Mullins
|
0-0: Ball 1-0: Ball 2-0: Fly out, F7 (Flyball, 78S, EV 87.5 MPH)
|
Batting: RHB Tomás Nido
|
0-0: Ground out U3 (Groundball, 34S, EV 87.5 MPH)
|
Batting: RHB Myles Straw
|
0-0: Called Strike 0-1: Ball 1-1: Foul Ball, location: 2F 1-2: Ball 2-2: Ball 3-2: Ground out 6-3 (Groundball, 6D, EV 99.4 MPH)
|
Bottom of the 7th over - 0 runs, 0 hits, 0 errors, 0 left on base; Philadelphia 1 - San Francisco 2 |
TOP OF THE 8TH |
Philadelphia Phillies batting - Pitching for San Francisco Giants : RHP Luis Garcia
|
Pitching: LHP Gregory Soto
|
|
Batting: LHB Nick Maton
|
0-0: Ball 1-0: Ball 2-0: Ball 3-0: Base on Balls
|
Batting: RHB Oscar Gonzalez
|
0-0: Bunted foul 0-1: Grounds into double play, 6-4-3 (Groundball, 6, EV 106.3 MPH)
|
Batting: RHB George Springer
|
0-0: Ball 1-0: Ball 2-0: Foul Ball, location: 2F 2-1: Swinging Strike 2-2: Foul Ball, location: 2F 2-2: Ball 3-2: Strikes out looking
|
Top of the 8th over - 0 runs, 0 hits, 0 errors, 0 left on base; Philadelphia 1 - San Francisco 2 |
BOTTOM OF THE 8TH |
San Francisco Giants batting - Pitching for Philadelphia Phillies : RHP Corbin Martin
|
Batting: RHB Austin Slater
|
0-0: Fly out, F8 (Flyball, 8LXD, EV 93.1 MPH)
|
Batting: RHB Jose Altuve
|
0-0: Fly out, F7 (Line Drive, 78M, EV 96.9 MPH)
|
Batting: LHB Eric Hosmer
|
0-0: Ball 1-0: Ground out 5-3 (Groundball, 5L, EV 83.1 MPH)
|
Bottom of the 8th over - 0 runs, 0 hits, 0 errors, 0 left on base; Philadelphia 1 - San Francisco 2 |
TOP OF THE 9TH |
Philadelphia Phillies batting - Pitching for San Francisco Giants : LHP Gregory Soto
|
Pitching: RHP Ryan Pressly
|
|
Now in RF: Rafael Ortega
|
|
Batting: RHB Austin Riley
|
0-0: Ball 1-0: Called Strike 1-1: Foul Ball, location: 9LDF 1-2: Foul Ball, location: 2F 1-2: Ball 2-2: Foul Ball, location: 9LDF 2-2: Foul Ball, location: 2F 2-2: Foul Ball, location: 2F 2-2: Ball 3-2: Foul Ball, location: 2F 3-2: Fly out, F6 (Line Drive, 6, EV 76.9 MPH)
|
Pinch Hitting: LHB Lewin Diaz
|
0-0: Called Strike 0-1: Fly out, F2 (Popup, 13S, EV 90.6 MPH)
|
Batting: SHB Carlos Santana
|
0-0: Ball 1-0: DOUBLE (Flyball, 9LD, EV 100.0 MPH)
|
Pitching: RHP Nabil Crismatt
|
|
Batting: RHB Andrew McCutchen
|
0-0: Swinging Strike 0-1: Called Strike 0-2: Strikes out swinging
|
Top of the 9th over - 0 runs, 1 hit, 0 errors, 1 left on base; Philadelphia 1 - San Francisco 2 |
|